 Dungeon Crawl Stone Soup version 0.31.0-32-g396128a36d (webtiles) character file.

Game seed: 422226294629046944

222 PaiMei the Grave Robber (level 5, -5/39 HPs)
             Began as a Demonspawn Necromancer on Apr 16, 2024.
             Slain by a gnoll sergeant
             ... wielding a +0 spear
              (9 damage)
             ... on level 5 of the Dungeon.
             The game lasted 00:05:19 (5673 turns).

PaiMei the Grave Robber (Demonspawn Necromancer)    Turns: 5673, Time: 00:05:20

Health: -5/39      AC:  5    Str:  8    XL:     5   Next: 66%
Magic:  0/9        EV: 13    Int: 17    God:
Gold:   219        SH:  0    Dex: 14    Spells: 6/10 levels left

rFire   . . .        d - +0 hand axe
rCold   . . .        (no shield)
rNeg    . . .        a - +0 robe
rPois   .            (helmet restricted)
rElec   .            o - +1 cloak
rCorr   .            (no gloves)
SInv    .            (no boots)
Will    .....        (no amulet)
Stlth   ++           (no ring)
HPRegen 0.26/turn    (no ring)
MPRegen 0.11/turn

%: no passive effects
@: no status effects
A: antennae 1, powered by pain 1, sharp scales 1
a: no special abilities


You were on level 5 of the Dungeon.
You visited 1 branch of the dungeon, and saw 5 of its levels.

You collected 219 gold pieces.

Inventory:

Hand Weapons
 d - a +0 hand axe (weapon)
Missiles
 l - a throwing net
 t - 11 poisoned darts
Armour
 a - a +0 robe (worn)
 o - a +1 cloak (worn)
 v - a +2 tower shield
Wands
 r - a wand of flame (31)
 u - a wand of polymorph (4)
Scrolls
 e - a scroll of immolation {unknown}
 f - a scroll of noise {unknown}
 g - a scroll of blinking {unknown}
 h - a scroll of amnesia {unknown}
 i - a scroll of identify {unknown}
 k - a scroll of enchant weapon {unknown}
 n - a scroll of acquirement {unknown}
 p - a scroll of enchant armour {unknown}
 q - a scroll of fear {unknown}
 w - a scroll of poison {unknown}
 x - a scroll of revelation {unknown}
Potions
 b - a potion of magic
 c - a potion of mutation {unknown}
 j - a potion of lignification {unknown}
 m - 2 potions of ambrosia {unknown}


   Skills:
 + Level 2.3 Fighting
 + Level 3.0 Dodging
 - Level 2.0 Stealth
 + Level 3.2 Spellcasting
 + Level 5.4 Necromancy


You had 6 spell levels left.
You knew the following spells:

 Your Spells              Type           Power      Damage    Failure   Level
a - Necrotise             Necr           84%        1d8       1%          1
b - Vampiric Draining     Necr           21%        2d7       5%          3

Your spell library contained the following spells:

 Spells                   Type           Power      Damage    Failure   Level
 Sublimation of Blood     Necr           21%        N/A       2%          2
 Fugue of the Fallen      Necr           21%        N/A       5%          3
 Animate Dead             Necr           21%        N/A       19%         4
 Ozocubu's Armour         Ice            2%         N/A       45%         3
 Curse of Agony           Necr           21%        N/A       45%         5
 Manifold Assault         Tloc           2%         N/A       86%         4
 Petrify                  Alch/Erth      2%         N/A       86%         4
 Irradiate                Conj/Alch      1%         3d12      99%         5


Dungeon Overview and Level Annotations

Branches:
Dungeon (5/15)
 Temple: D:4-7

Altars:
Cheibriados
Makhleb
Sif Muna
Yredelemnul

Shops:
D:3 (

Annotations:
D:3 1 runed translucent door, Crazy Yiuf


Innate Abilities, Weirdness & Mutations

You have a pair of small antennae on your head.
You sometimes gain a little power by taking damage.
You are partially covered in razor-sharp scales. (AC +1, Slay +1)


Message History

The gnoll sergeant hits you with a +0 spear.
Casting: Vampiric Draining (dangerous; 5% risk of failure)
Confirm with . or Enter, or press ? or * to list all spells.
You don't have enough magic to cast this spell.
Casting: Vampiric Draining (dangerous; 5% risk of failure)
Confirm with . or Enter, or press ? or * to list all spells.
You don't have enough magic to cast this spell.
Casting: Vampiric Draining (dangerous; 5% risk of failure)
Confirm with . or Enter, or press ? or * to list all spells.
You don't have enough magic to cast this spell.
Casting: Vampiric Draining (dangerous; 5% risk of failure)
Confirm with . or Enter, or press ? or * to list all spells.
You don't have enough magic to cast this spell.
Casting: Vampiric Draining (dangerous; 5% risk of failure)
Confirm with . or Enter, or press ? or * to list all spells.
You don't have enough magic to cast this spell.
You closely miss the gnoll sergeant.
The gnoll sergeant is severely wounded.
The gnoll sergeant hits you with a +0 spear.
The gnoll sergeant closely misses you.
You closely miss the gnoll sergeant.
The gnoll sergeant is severely wounded.
The gnoll sergeant hits you with a +0 spear.
You hit the gnoll sergeant but do no damage.
The gnoll sergeant is severely wounded.
The gnoll sergeant hits you with a +0 spear.
Casting: Vampiric Draining (dangerous; 5% risk of failure)
Confirm with . or Enter, or press ? or * to list all spells.
Aiming: Necrotise (safe; 1% risk of failure)
Press: ? - help, Shift-Dir - straight line, f/p - gnoll sergeant
Aim: a gnoll sergeant, wielding a +0 spear, wearing a +0 ring mail and wearing a +0 kite shield (severely wounded, chance to affect: 80%)
The gnoll sergeant barely resists.
The gnoll sergeant hits you with a +0 spear!
* * * LOW HITPOINT WARNING * * *
You hit the gnoll sergeant but do no damage.
The gnoll sergeant is severely wounded.
The gnoll sergeant hits you with a +0 spear.
* * * LOW HITPOINT WARNING * * *
The gnoll sergeant hits you with a +0 spear!
You die...

#.... #..## ..... ##...#
.#....####(...##
...............##
................#
...............####
..................#
.........#.##g)...#
........)###..@..##
..........##..)...##
.........##.....<..#
....o...####............
......... #..........##
#....P..P#............#
#.....P.P§.....>.......#
o.....P.................


PP.............. You could see a gnoll sergeant.

Vanquished Creatures
  A bombardier beetle (D:3)
  A hound (D:4)
  An iguana (D:5)
  Robin (D:3)
  3 gnolls
  An adder (D:4)
  2 dart slugs
  3 ribbon worms
  4 orcs
  An endoplasm (D:2)
  3 giant cockroaches
  13 hobgoblins
  5 kobolds
  5 quokkas
  6 ball pythons
  5 bats
  4 frilled lizards
  12 goblins
  3 rats (D:2)
74 creatures vanquished.

Vanquished Creatures (collateral kills)
  An endoplasm (D:1)
  A frilled lizard (D:3)
  A rat (D:1)
3 creatures vanquished.

Grand Total: 77 creatures vanquished

Notes
Turn   | Place    | Note
-------+----------+-------------------------------------------
     0 | D:1      | PaiMei the Demonspawn Necromancer began the quest for the
                  | Orb.
     0 | D:1      | Reached XP level 1. HP: 13/13 MP: 3/3
   246 | D:1      | Gained mutation: You are partially covered in razor-sharp
                  | scales. (AC +1, Slay +1) [demonic ancestry]
   246 | D:1      | Reached XP level 2. HP: 19/19 MP: 0/5
  1307 | D:2      | Reached XP level 3. HP: 7/25 MP: 0/6
  1311 | D:2      | Learned a level 3 spell: Vampiric Draining
  1754 | D:2      | Reached skill level 1 in Fighting
  2168 | D:3      | Noticed Robin
  3017 | D:3      | Found a runed translucent door.
  3018 | D:3      | Noticed Crazy Yiuf
  3092 | D:3      | Found Xotuss's Weapon Emporium.
  3141 | D:3      | Found a snail-covered altar of Cheibriados.
  3154 | D:3      | Reached skill level 5 in Necromancy
  3154 | D:3      | Gained mutation: You sometimes gain a little power by
                  | taking damage. [demonic ancestry]
  3154 | D:3      | Reached XP level 4. HP: 14/32 MP: 3/8
  3306 | D:3      | Found a faded altar of an unknown god.
  3501 | D:3      | Killed Robin
  3850 | D:4      | Found a burning altar of Makhleb.
  3856 | D:4      | Gained mutation: You have a pair of small antennae on your
                  | head. [demonic ancestry]
  3856 | D:4      | Reached XP level 5. HP: 27/38 MP: 3/9
  4234 | D:4      | Found a basalt altar of Yredelemnul.
  4718 | D:4      | Found a shimmering blue altar of Sif Muna.
  5104 | D:5      | Entered Level 5 of the Dungeon
  5145 | D:5      | Noticed a black bear
  5673 | D:5      | Slain by a gnoll sergeant

Illustrated notes

Levels and vault maps discovered:
D:1:      dpeg_arrival_orchard, layout_basic
D:2:      layout_loops_cross
D:3:      layout_rooms, slow_altar_2, shapermc_ecumenical_altar_flowoftime,
          serial_shops, shop_statue, uniq_crazy_yiuf_cottage, uniq_robin
D:4:      layout_basic, kennysheep_ying_yang, makhleb_heckhound_becter,
          lemuel_coloured_pillars_altar, kennysheep_generic_room_11
D:5:      layout_cave_pools, nicolae_hepliaklqana_hazy_memory

Skill      XL: |  1  2  3  4  5 |
---------------+----------------+-----
Stealth        | 2 |  2.0
Dodging        | 2 3 |  3.0
Fighting       | 1 2 |  2.3
Necromancy     | 5 |  5.4
Spellcasting   | 3 |  3.2

Action                     |  1- 3 |  4- 6 || total
---------------------------+-------+-------++-------
  Melee: Hand axe          |    24 |     4 ||    28
         Punch             |     1 |       ||     1
   Cast: Necrotise         |   116 |    62 ||   178
         Vampiric Draining |       |     2 ||     2
 Armour: Robe              |    50 |    16 ||    66
  Dodge: Dodged            |    33 |    15 ||    48
